 Dungeon Crawl Stone Soup version 0.31.0-9-g3a7656b989 (webtiles) character file.

Game seed: 5268029403450703697

582 Aztecrex the Ruffian (level 7, -1/67 HPs)
             Began as a Troll Berserker on Jan 24, 2024.
             Was a Believer of Trog.
             Slain by an orc wizard
             ... wielding a +0 dagger
              (3 damage)
             ... on level 5 of the Dungeon.
             The game lasted 00:11:16 (2735 turns).

Aztecrex the Ruffian (Troll Berserker)              Turns: 2735, Time: 00:11:16

Health: -1/67      AC:  4    Str: 31    XL:     7   Next: 14%
Magic:  6/6        EV: 10    Int:  5    God:    Trog [**....]
Gold:   255        SH:  5    Dex:  9    Spells: 6/6 levels left

rFire   . . .        b - +3 hand axe "Demonslayer" {vamp, rN+ Str+3 Int+2}
rCold   + . .        (no shield)
rNeg    + . .        a - +0 animal skin
rPois   .            (helmet restricted)
rElec   .            (no cloak)
rCorr   .            (gloves unavailable)
SInv    .            (boots unavailable)
Will    .....        g - amulet of reflection
Stlth   +            p - ring of protection from cold
HPRegen 1.11/turn    (no ring)
MPRegen 0.10/turn

%: reflection
@: no status effects
A: large, unfitting armour, claws 3, regeneration 1, shaggy fur 1, tough skin 1
a: Renounce Religion, Berserk, Trog's Hand


You were on level 5 of the Dungeon.
You worshipped Trog.
Trog was pleased with you.
You visited 1 branch of the dungeon, and saw 5 of its levels.

You collected 255 gold pieces.

Inventory:

Hand Weapons
 b - the +3 hand axe "Demonslayer" (weapon) {vamp, rN+ Str+3 Int+2}
   (You found it on level 2 of the Dungeon)

   Str+3:     It affects your strength (+3).
   Int+2:     It affects your intelligence (+2).
   rN+:       It protects you from negative energy.
Missiles
 i - a throwing net (quivered)
Armour
 a - a +0 animal skin (worn)
Jewellery
 g - an amulet of reflection (around neck)
 p - a ring of protection from cold (left claw)
Scrolls
 c - a scroll of noise {unknown}
 d - a scroll of brand weapon {unknown}
 k - a scroll of enchant armour {unknown}
 l - 2 scrolls of fear {unknown}
 n - a scroll of vulnerability {unknown}
 q - a scroll of identify {unknown}
Potions
 e - 2 potions of might {unknown}
 f - 3 potions of curing {unknown}
 h - 2 potions of enlightenment {unknown}
 j - a potion of cancellation {unknown}
 m - a potion of degeneration {unknown}
 o - a potion of invisibility {unknown}
 r - a potion of mutation {unknown}


   Skills:
 + Level 3.5 Fighting
 + Level 3.8 Axes
 + Level 3.8 Dodging
 + Level 0.4 Stealth
 + Level 1.0 Shields
 + Level 3.9 Unarmed Combat


You had 6 spell levels left.
You didn't know any spells.
Your spell library was empty.

Dungeon Overview and Level Annotations

Branches:
Dungeon (5/15)
 Temple: D:4-7

Altars:
Qazlal
Vehumet

Shops:
D:4 ??[(=:


Innate Abilities, Weirdness & Mutations

You are too large for most types of armour.
You have claws for hands.
Your natural rate of healing is unusually fast.
You are covered in fur. (AC +1)
You have tough skin. (AC +1)


Message History

You hit the orc.
The orc is heavily wounded.
You feel very sick. The orc hits you with a +0 flail.
You slash the orc!
You kill the orc!
Trog accepts your kill.
You feel very sick.
You barely miss something.
You feel sick.
The orc priest looks satisfied for a moment.
Something hits you but does no damage.
Unknown command.
You miss something.
You feel sick.
The orc priest calls down the wrath of Beogh upon you.
Beogh smites you! Something hits you but does no damage.
You hear some strange, mumbled words.
You are confused.
You feel sick.
You hear some strange, mumbled words.
A puff of flame appears from out of thin air!
The puff of flame hits you!
You feel sick. Something hits you.
* * * LOW HITPOINT WARNING * * *
Things that are here:
a +0 club; a +0 club; an orc corpse You bump into the rock wall.
You feel sick.
You hear some strange, mumbled words.
Something tries to affect you, but you resist.
You bump into the rock wall.
You feel sick. Something hits you.
* * * LOW HITPOINT WARNING * * *
You miss something.
You feel sick. Something hits you but does no damage.
The orc priest calls down the wrath of Beogh upon you.
Beogh smites you!
* * * LOW HITPOINT WARNING * * *
You bump into the rock wall.
You feel less confused.
You feel sick.
You are no longer poisoned.
Something hits you.
You die...

#.#.# . #.#>#
#. #.#.# ##..
####.#.###.#
#..........#
#.##.......##
##.
#.####.###...
.....#######.#
#.###.#.
#...o{@.....#
#.......
###.#########
#)......
#.......
#.......
##.....(
#......
#......
#.##### #.#


You could see an orc priest.

Vanquished Creatures
  An ogre (D:4)
  A kobold brigand (D:4)
  A scorpion (D:5)
  A bombardier beetle (D:3)
  Crazy Yiuf (D:3)
  An orc priest (D:5)
  3 iguanas
  A sleepcap (D:4)
  8 gnolls
  3 adders
  A white imp (D:5)
  A dart slug (D:4)
  14 orcs
  5 ball pythons
  4 endoplasms
  2 giant cockroaches
  4 goblins
  3 hobgoblins
  A kobold (D:3)
  A quokka (D:2)
  2 bats
  3 rats
62 creatures vanquished.

Notes
Turn   | Place    | Note
-------+----------+-------------------------------------------
     0 | D:1      | Aztecrex the Troll Berserker began the quest for the Orb.
     0 | D:1      | Reached XP level 1. HP: 22/22 MP: 0/0
   111 | D:2      | Reached XP level 2. HP: 23/29 MP: 1/1
   205 | D:2      | Identified the +3 hand axe "Demonslayer" {vamp, rN+ Str+3
                  | Int+2}
   665 | D:2      | Found a stormy altar of Qazlal.
   936 | D:3      | Reached XP level 3. HP: 34/36 MP: 2/2
  1073 | D:3      | Reached XP level 4. HP: 24/44 MP: 3/3
  1120 | D:3      | Reached skill level 1 in Axes
  1185 | D:3      | Found a radiant altar of Vehumet.
  1195 | D:3      | Reached XP level 5. HP: 32/53 MP: 4/4
  1589 | D:3      | Found a runed translucent door.
  1590 | D:3      | Noticed Crazy Yiuf
  1598 | D:3      | Killed Crazy Yiuf
  1668 | D:4      | Reached ** piety under Trog
  1692 | D:4      | Found Pucekeop's Armour Emporium.
  1884 | D:4      | Noticed an ogre
  1892 | D:4      | Killed an ogre
  1893 | D:4      | Reached XP level 6. HP: 27/61 MP: 5/5
  1893 | D:4      | Found Biczuryq's Magic Scroll Emporium.
  2100 | D:4      | Found Kuoxt's Magic Scroll Boutique.
  2133 | D:4      | Found Sogug's Antique Weapon Emporium.
  2153 | D:4      | Found Larubbeip's Jewellery Boutique.
  2210 | D:4      | Found Gos Osoqubro's Tiny Tomes.
  2505 | D:5      | Entered Level 5 of the Dungeon
  2719 | D:5      | Reached skill level 1 in Shields
  2719 | D:5      | Reached XP level 7. HP: 64/67 MP: 6/6
  2734 | D:5      | HP: 2/67 [orc priest/divine providence (15)]
  2735 | D:5      | Slain by an orc wizard

Illustrated notes

Levels and vault maps discovered:
D:1:      nzn_arrival_water_spiral, layout_basic, chequers_arboretum
D:2:      cheibrodos_old_hovel, layout_loops_corners, basic_altar,
          chequers_serial_rivers_micro_b, st_stairs_14
D:3:      layout_loops_ring, mainiacjoe_overflow_boulevard,
          uniq_crazy_yiuf_cottage
D:4:      layout_basic, serial_shops, shop, shop_statue, nicolae_shop_rolled_up,
          shop, nicolae_shop_hallway_stairs, kennysheep_another_room,
          nicolae_shop_i_like_small_books_too, grunt_ministairs_12
D:5:      layout_loops_ring

Skill      XL: |  1  2  3  4  5  6 |
---------------+-------------------+-----
Dodging        | 3 |  3.8
Axes           | 1 2 3 |  3.8
Fighting       | 3 |  3.5
Shields        | 1 |  1.0
Stealth        | |  0.4
Unarmed Combat | |  3.9

Action                     |  1- 3 |  4- 6 |  7- 9 || total
---------------------------+-------+-------+-------++-------
  Melee: Unarmed           |    26 |       |       ||    26
         Punch             |     2 |     5 |       ||     7
         Hand axe          |    42 |   115 |    11 ||   168
 Invoke: Berserk           |       |     2 |       ||     2
   Stab: Sleeping          |       |     1 |       ||     1
 Armour: Animal skin       |    52 |    64 |    12 ||   128
  Dodge: Dodged            |    29 |    45 |       ||    74
  Block: Other             |    11 |    22 |     1 ||    34
         Reflection        |       |     1 |       ||     1
